Map: Pillars of Gold LE

Players

uwuThermal (uThermal)

  • Race: Terran Terran
  • League: Grandmaster
  • Spawn Location: 1:00

GOStephano (Stephano) - Winner!

  • Race: Zerg Zerg
  • League: Grandmaster
  • Spawn Location: 7:00

Event: DreamHack SC2 Masters 2020 Fall

VOD

Have the link to the VOD?

Description

Time

  • Played on: Sept. 9, 2020, 3:40 p.m.
  • Length: 16:02

All games in this series

Show
View Real Time Build Order
Export as new Build Order

uwuThermal Terran 

Build Orders: Liberator Opening, Reaper Expand, Mech 

Get SALT Encoding   

  12  0:00  SCV  
  13  0:12  SCV  
  14  0:18  Supply Depot  
  14  0:24  SCV  
  15  0:39  SCV  
  15  0:40  Barracks  
  16  0:44  Refinery  
  16  0:51  SCV  
  17  1:03  SCV  
  18  1:15  SCV  
  19  1:28  Reaper, Orbital Command  
  20  1:43  Command Center  
  20  1:53  Supply Depot  
  20  1:54  SCV  
  20  2:00  Marine  
  22  2:06  SCV  
  23  2:11  Factory  
  23  2:16  Refinery  
  23  2:19  SCV  
  24  2:22  Barracks Reactor  
  24  2:32  SCV  
  25  2:44  SCV  
  26  2:55  Starport  
  26  2:56  SCV, Orbital Command  
  27  3:02  Hellion x2  
  31  3:08  SCV  
  32  3:15  Refinery  
  32  3:22  SCV x2  
  32  3:24  Hellion x2  
  38  3:31  Liberator  
  41  3:35  SCV  
  41  3:39  Supply Depot  
  41  3:40  SCV  
  43  3:45  Fusion Core  
  44  3:48  SCV  
  44  3:52  SCV  
  45  4:01  Hellion x2  
  49  4:05  SCV x2, Supply Depot  
  51  4:15  Starport Tech Lab  
  52  4:17  SCV x2  
  53  4:29  SCV x2, Supply Depot  
  53  4:31  Barracks Tech Lab  
  55  4:36  Battlecruiser  
  60  4:52  Command Center  
  60  4:53  SCV x2  
  60  4:56  Hellion  
  60  4:58  Hellion  
  66  5:04  Supply Depot  
  66  5:05  SCV  
  66  5:06  SCV  
  68  5:10  Refinery  
  68  5:17  Hellion  
  70  5:25  SCV x2  
  70  5:26  Hellion  
  74  5:30  Factory  
  74  5:31  Factory  
  74  5:38  SCV x2  
  76  5:46  Hellion  
  76  5:50  SCV  
  76  5:53  Hellion  
  76  5:54  SCV  
  73  5:58  Battlecruiser  
  73  6:02  SCV  
  73  6:04  Weapon Refit  
  78  6:07  Orbital Command  
  78  6:09  SCV  
  79  6:13  Hellion  
  79  6:14  SCV  
  78  6:21  SCV  
  78  6:22  Factory Tech Lab  
  78  6:25  Mag-Field Accelerator, Cyclone  
  78  6:26  SCV  
  79  6:33  SCV  
  79  6:36  Hellion x2  
  79  6:38  SCV  
  85  6:41  Cyclone  
  85  6:43  Supply Depot  
  85  6:44  Orbital Command  
  85  6:47  SCV, Supply Depot  
  88  6:48  Supply Depot  
  88  6:53  SCV  
  90  6:58  Supply Depot  
  90  7:01  Cyclone  
  93  7:05  Battlecruiser, Hellion  
  102  7:08  SCV  
  102  7:10  Engineering Bay  
  102  7:17  SCV, Armory x2  
  102  7:21  SCV  
  104  7:24  Cyclone  
  104  7:26  SCV, Hellion  
  104  7:29  SCV  
  111  7:34  SCV, Refinery x2  
  111  7:36  Supply Depot  
  112  7:40  Cyclone  
  112  7:42  Missile Turret  
  115  7:46  Missile Turret  
  115  7:48  Missile Turret  
  115  7:53  SCV, Hellion x2  
  120  7:59  Siege Tank  
  120  8:00  SCV  
  124  8:08  Supply Depot  
  124  8:12  Battlecruiser  
  130  8:19  Supply Depot x2  
  130  8:25  Siege Tank  
  130  8:26  Missile Turret  
  133  8:30  Hellion  
  135  8:34  Siege Tank  
  132  8:49  Terran Vehicle Weapons Level 1  
  132  8:51  Terran Vehicle And Ship Armor Level 1, Factory  
  132  8:52  Factory  
  124  9:01  Cyclone  
  124  9:02  Hellion x2  
  126  9:06  Command Center  
  126  9:10  Siege Tank  
  126  9:13  SCV  
  130  9:25  Command Center  
  130  9:26  Hellion  
  130  9:28  Hellion  
  134  9:34  Siege Tank  
  137  9:41  Factory Tech Lab  
  137  9:42  Hellion, Factory Reactor  
  139  9:52  Hellion x2  
  138  9:56  Command Center  
  138  9:57  Infernal Pre-Igniter  
  135  10:03  Siege Tank  
  135  10:04  Hellion  
  140  10:07  Hellion  
  131  10:24  Hellion  
  131  10:25  Siege Tank  
  121  10:28  Siege Tank  
  121  10:29  Hellion  
  121  10:31  Hellion  
  118  10:35  SCV, Siege Tank  
  118  10:39  Hellion  
  118  10:41  SCV  
  125  10:54  SCV  
  125  10:56  SCV  
  127  10:57  Siege Tank  
  127  11:00  Siege Tank  
  127  11:03  SCV  
  115  11:04  Hellion  
  115  11:05  Hellion  
  115  11:08  Cyclone  
  112  11:13  SCV, Hellion x2  
  98  11:21  SCV  
  98  11:24  SCV  
  100  11:26  SCV  
  100  11:29  Cyclone  
  105  11:33  Cyclone  
  103  11:42  Hellion x2, Cyclone  
  103  11:45  SCV  
  105  11:50  Hellion  
  105  11:52  Hellion x4  
  99  11:55  SCV  
  99  11:58  SCV  
  101  12:07  SCV, Cyclone  
  103  12:10  SCV  
  103  12:14  Orbital Command  
  104  12:24  Cyclone  
  104  12:25  Cyclone  
  104  12:29  Hellion  
  112  12:34  Refinery  
  112  12:36  Smart Servos  
  112  12:42  SCV, Cyclone  
  116  12:49  Hellion x2  
  120  12:52  SCV  
  120  12:55  Terran Vehicle Weapons Level 2  
  121  13:00  Terran Vehicle And Ship Armor Level 2  
  121  13:04  SCV  
  122  13:06  SCV  
  123  13:13  Siege Tank x2  
  123  13:14  Hellion  
  123  13:16  SCV  
  132  13:23  Cyclone  
  127  13:37  Hellion x2  
  127  13:39  Command Center  
  127  13:40  Supply Depot  
  131  13:45  Cyclone  
  134  13:50  Command Center  
  134  13:51  Siege Tank  
  134  13:54  Hellion  
  139  13:59  Supply Depot, Hellion  
  141  14:07  Siege Tank  
  141  14:09  Sensor Tower  
  144  14:10  Hellion  
  144  14:13  SCV  
  144  14:14  SCV x2  
  149  14:18  Supply Depot  
  149  14:20  Siege Tank  
  149  14:24  Hellion  
  154  14:27  Orbital Command, Siege Tank  
  154  14:30  Hellion  
  156  14:47  Cyclone  
  159  14:57  Cyclone  
  159  14:59  Hellion, Siege Tank  
  169  15:00  Hellion  
  169  15:01  Hellion  
  169  15:06  Hellion  
  150  15:19  Cyclone  
  151  15:24  SCV  
  151  15:26  SCV  
  153  15:29  Cyclone  
Show
View Real Time Build Order
Export as new Build Order

GOStephano Zerg - Winner!

Build Orders: Hatch First, Swarm Host 

Get SALT Encoding   

  12  0:00  Drone  
  13  0:12  Overlord  
  13  0:17  Drone  
  14  0:30  Drone x2  
  16  0:49  Hatchery  
  15  0:52  Drone  
  15  0:55  Drone  
  17  0:59  Drone  
  18  1:09  Extractor  
  17  1:15  Spawning Pool  
  16  1:19  Drone  
  16  1:22  Drone  
  18  1:28  Drone  
  19  1:38  Drone  
  20  1:49  Drone  
  21  2:01  Queen x2  
  21  2:03  Zergling x4  
  27  2:11  Drone  
  27  2:13  Overlord  
  28  2:30  Hatchery  
  28  2:35  Drone x3  
  29  2:42  Queen  
  31  2:48  Metabolic Boost  
  31  2:53  Overlord  
  31  2:56  Drone  
  32  2:59  Drone  
  32  3:02  Drone  
  34  3:06  Drone  
  35  3:13  Drone x2  
  35  3:14  Drone x2  
  35  3:17  Drone  
  40  3:20  Drone  
  40  3:24  Queen  
  43  3:37  Overlord  
  43  3:41  Queen  
  43  3:42  Queen, Drone  
  43  3:45  Zergling x2  
  49  3:49  Overlord  
  49  3:55  Zergling x4  
  51  3:57  Drone x2  
  51  3:59  Drone x2  
  51  4:00  Drone  
  56  4:04  Overlord  
  56  4:06  Drone  
  56  4:08  Zergling x4  
  59  4:12  Drone  
  59  4:14  Overlord  
  60  4:22  Drone x3  
  63  4:28  Overlord  
  63  4:29  Overlord  
  64  4:31  Drone x3  
  64  4:34  Drone  
  64  4:36  Drone x2  
  64  4:38  Lair  
  69  4:43  Baneling Nest  
  70  4:45  Drone x3  
  70  4:49  Queen  
  73  4:54  Queen, Extractor  
  73  4:55  Extractor  
  73  4:59  Spore Crawler  
  70  5:02  Drone x4  
  70  5:05  Zergling x4  
  70  5:06  Drone  
  77  5:08  Zergling x2  
  77  5:09  Drone  
  77  5:12  Drone x2  
  80  5:17  Overlord  
  80  5:19  Drone x4  
  84  5:25  Evolution Chamber x2  
  82  5:28  Zergling x4  
  82  5:30  Drone x2  
  86  5:36  Centrifical Hooks  
  86  5:42  Zergling x12  
  84  5:54  Zergling x4  
  84  5:55  Zergling x4  
  80  5:58  Drone x2  
  80  6:01  Drone x4  
  86  6:04  Spire  
  84  6:11  Drone x3  
  84  6:16  Drone x3  
  84  6:19  Extractor x2  
  84  6:24  Zerg Melee Weapons Level 1, Zerg Ground Armor Level 1  
  82  6:27  Roach Warren  
  81  6:32  Overlord  
  81  6:33  Extractor  
  81  6:34  Overlord  
  81  6:36  Drone x2  
  82  6:42  Overlord x2  
  81  6:51  Overlord x2  
  81  6:58  Baneling x3  
  81  6:59  Drone  
  81  7:00  Drone  
  83  7:01  Drone x2  
  83  7:04  Queen  
  83  7:07  Drone  
  88  7:09  Drone x2  
  88  7:10  Glial Reconstitution  
  88  7:11  Roach x3  
  88  7:13  Hatchery  
  95  7:21  Roach x3  
  99  7:24  Baneling x5  
  99  7:26  Pneumatized Carapace  
  99  7:27  Zerg Flyer Weapons Level 1, Drone  
  99  7:28  Drone  
  101  7:32  Overlord  
  101  7:39  Spore Crawler  
  101  7:40  Spore Crawler  
  101  7:43  Corruptor x3  
  105  7:47  Corruptor  
  105  7:49  Zergling x4  
  105  7:51  Overlord  
  105  7:59  Corruptor  
  103  8:06  Corruptor x2  
  103  8:11  Queen x2  
  106  8:13  Drone x4  
  110  8:24  Overlord  
  110  8:25  Drone x3  
  110  8:26  Overlord  
  110  8:27  Overlord x3  
  113  8:28  Overseer  
  113  8:32  Corruptor  
  115  8:37  Zergling x2  
  115  8:38  Zergling x8  
  119  8:46  Zergling x12  
  125  8:52  Roach x5  
  132  9:00  Roach x4  
  136  9:04  Corruptor x2  
  136  9:07  Corruptor  
  142  9:14  Baneling x12  
  142  9:17  Corruptor  
  142  9:21  Zergling x6  
  147  9:29  Baneling x8  
  147  9:33  Zergling x18  
  147  9:37  Corruptor  
  152  9:40  Zergling x6  
  152  9:44  Zergling x2  
  152  9:52  Corruptor  
  152  9:53  Corruptor x2  
  152  9:58  Zergling x16  
  165  10:03  Roach x3  
  167  10:13  Zergling x10  
  154  10:22  Corruptor x4  
  154  10:26  Zergling x6  
  153  10:31  Corruptor  
  138  10:37  Zergling x2  
  138  10:38  Zergling x4  
  138  10:39  Queen x3  
  138  10:42  Extractor  
  143  10:44  Baneling x8  
  143  10:45  Zergling x2  
  144  10:52  Baneling x6  
  144  10:55  Zergling x10  
  148  11:01  Zergling x6  
  147  11:04  Zergling x4  
  147  11:11  Roach x2  
  149  11:16  Roach x2  
  129  11:23  Roach x2  
  123  11:32  Drone x4  
  123  11:41  Drone x3  
  123  11:42  Hatchery  
  122  11:51  Drone x4  
  121  12:00  Baneling x9  
  121  12:02  Ravager x4  
  121  12:03  Roach x4  
  121  12:05  Zerg Missile Weapons Level 1  
  121  12:08  Overlord x2  
  125  12:13  Roach x2  
  129  12:20  Drone x3  
  132  12:26  Roach x2  
  132  12:27  Queen, Extractor  
  137  12:33  Baneling  
  137  12:34  Ravager x2, Baneling  
  137  12:35  Zergling x2, Ravager x3  
  137  12:36  Zergling x4  
  145  12:42  Zergling x6  
  148  12:49  Overseer  
  148  12:52  Roach x8  
  148  12:55  Ravager x2  
  166  13:00  Drone x5  
  171  13:11  Zergling x10  
  171  13:12  Infestation Pit  
  175  13:24  Extractor  
  175  13:26  Drone x6  
  175  13:37  Spine Crawler  
  175  13:38  Drone x12  
  175  13:39  Spine Crawler  
  175  13:40  Spine Crawler x3  
  180  13:57  Hive  
  180  14:00  Swarm Host x5  
  195  14:16  Extractor  
  194  14:22  Zergling x2  
  194  14:23  Zergling x4  
  197  14:30  Baneling x4  
  197  14:37  Zergling x2  
  197  14:38  Zergling x4  
  193  14:54  Zergling x2, Baneling x4  
  193  14:55  Zergling x6  
  186  15:06  Zergling x40  
  177  15:10  Zergling x2  
  171  15:16  Roach  
  167  15:22  Roach x4  
  167  15:25  Baneling x21  
  167  15:26  Roach x3  
  178  15:30  Baneling x9  
  178  15:32  Ravager x3  
  177  15:37  Zergling x18  
  176  15:48  Ravager x3  
  176  15:49  Ravager  

Tags
 
Add a new tag
Caveats
  • Supply blocks, unpowered buildings, or Contaminate may cause inaccurate times.
  • Supply counts are checked every 10 seconds.